 Dungeon Sprint DCSS version 0.29-a0-512-gf59ac788ac (webtiles) character file.

Game seed: 6459723386637452234

1547 mhtbhm the Grappler (level 8, -32/94 HPs)
             Began as a Troll Transmuter on May 29, 2022.
             Was an Initiate of Gozag.
             Annihilated by a red ugly thing (33 damage)
             ... in the Dungeon (Sprint IX: "|||||||||||||||||||||||||||||").
             The game lasted 00:01:10 (546 turns).

mhtbhm the Grappler (Troll Transmuter)               Turns: 546, Time: 00:01:12

Health: -32/94     AC:  5    Str: 19    XL:     8   Next: 57%
Magic:  7/14       EV: 15    Int: 11    God:    Gozag
Gold:   297        SH:  0    Dex: 10    Spells: 7/17 levels left

rFire   x . .      SeeInvis .     - Unarmed
rCold   + + +      Faith    .   (shield currently unavailable)
rNeg    . . .      Spirit   .   (body armour currently unavailable)
rPois   +          Reflect  .   (helmet currently unavailable)
rElec   .          Harm     .   (cloak currently unavailable)
rCorr   .          Rampage  .   (gloves unavailable)
Will    .....      NoTele   +   (boots unavailable)
Stlth   +.........              (no amulet)
HPRegen 1.05/turn               l - +2 ring of evasion
MPRegen 0.14/turn               m - +2 ring of evasion

@: ice-form, wereblooded, gold aura
A: freezing attack, amphibious, boosted hp, large, unfitting armour, (claws 3),
regeneration 1, (shaggy fur 1), (tough skin 1)
a: End Transformation, Renounce Religion, Potion Petition, Call Merchant, Bribe
Branch


You were in the Dungeon.
You worshipped Gozag.
Gozag was aware of your devotion.
You were a creature of crystalline ice.
You visited 1 branch You collected 297 gold pieces.

Inventory:

Armour
 a - a +0 robe (melded)
Jewellery
 l - a +2 ring of evasion (left front paw)
 m - a +2 ring of evasion (right front paw)
Wands
 k - a wand of acid (10)
Scrolls
 h - 2 scrolls of blinking
 j - 2 scrolls of amnesia
Potions
 b - a potion of lignification
 c - 4 potions of curing
 d - a potion of heal wounds
 e - a potion of haste
 f - 4 potions of magic
 i - a potion of invisibility


   Skills:
 + Level 4.4 Fighting
 + Level 5.9 Dodging
 + Level 14.0 Unarmed Combat
 + Level 5.1 Spellcasting
 + Level 5.1 Transmutations
 + Level 0.7 Ice Magic


You had 7 spell levels left.
You knew the following spells:

 Your Spells              Type           Power      Damage    Failure   Level
a - Beastly Appendage     Tmut           28%        N/A       2%          1
b - Wereblood             Tmut           14%        N/A       3%          2
c - Spider Form           Tmut/Pois      8%         N/A       22%         3
d - Ice Form              Ice/Tmut       9%         N/A       52%         4

Your spell library contained the following spells:

 Spells                   Type           Power      Damage    Failure   Level


Dungeon Overview and Level Annotations

Branches:
Dungeon (1/1)

Altars:
Cheibriados
Dithmenos
Elyvilon
Fedhas
Gozag
Hepliaklqana
Kikubaaqudgha
Makhleb
Nemelex Xobeh
Okawaru
Qazlal
Ru
Sif Muna
Trog
Uskayaw
Vehumet
Wu Jian
Xom
Yredelemnul
Zin
The Shining One
Beogh
Jiyva
Lugonu


Innate Abilities, Weirdness & Mutations

You are a creature of crystalline ice.
You have a powerful freezing melee attack.
You are amphibious.
Your maximum health is increased.
Your armour is entirely melded.
You are incapable of wielding weapons or throwing items.
You are too large for most types of armour.
((You have claws for hands.))
Your natural rate of healing is unusually fast.
((You are covered in fur. (AC +1)))
((You have tough skin. (AC +1)))


Message History

There is an open door here.
Things that are here:
54 gold pieces; a +0 mace You pummel the tengu warrior!!
You freeze the tengu warrior.
The tengu warrior is severely wounded.
The tengu warrior hits you with a +0 great mace!
The tengu warrior closely misses you.
The tengu warrior claws you but does no damage.
Unknown command.
You punch the tengu warrior! You freeze the tengu warrior.
The tengu warrior is almost dead.
The tengu warrior hits you with a +0 great mace!
The tengu warrior misses you. The tengu warrior claws you.
Unknown command.
You punch the tengu warrior! You freeze the tengu warrior.
You feel a bit better.
You kill the tengu warrior!
You howl as the wereblood boils in your veins!
Your Fighting skill increases to level 4!
Your Unarmed Combat skill gained 2 levels and is now at level 14!
Your Spellcasting skill increases to level 5!
Your Transmutations skill increases to level 5!
You have reached level 8!
You pummel the red ugly thing!! You freeze the red ugly thing!
The red ugly thing is heavily wounded.
You howl as the wereblood boils in your veins!
The red ugly thing tentacle-slaps you!
You are engulfed in flames!!
The fire burns you terribly!
* * * LOW HITPOINT WARNING * * *
You completely miss the red ugly thing.
The red ugly thing is heavily wounded.
You howl as the wereblood boils in your veins!
Unknown command.
You pummel the red ugly thing!! You freeze the red ugly thing!
The red ugly thing is almost dead.
The red ugly thing tentacle-slaps you.
* * * LOW HITPOINT WARNING * * *
You are engulfed in flames!!
The fire burns you terribly!
You die...
Your body crumbles into a pile of gold. ▓▓▓▓▓▓▓▓▓▓▓▓▓▓▓▓▓▓▓▓▓▓▓▓ ..).[[[.)'......YucQ...+ ▓▓▓▓▓▓▓▓▓▓▓▓▓▓▓▓▓▓▓▓▓▓▓▓ $$ $ $$$$ $ $ $ $$$$$

You could see a red ugly thing, a tengu warrior and a centaur warrior.

Vanquished Creatures
  A tengu warrior (D)
  A gargoyle (D)
  An unseen horror (D)
  A wraith (D)
  2 scorpions (D)
  A killer bee (D)
  A howler monkey (D)
  2 orc wizards (D)
  2 adders (D)
  An orc (D)
  An endoplasm (D)
  2 goblins (D)
  A hobgoblin (D)
  A kobold (D)
18 creatures vanquished.

Notes
Turn   | Place    | Note
-------+----------+-------------------------------------------
     0 | D        | mhtbhm the Troll Transmuter began the quest for the Orb.
     0 | D        | Reached XP level 1. HP: 18/18 MP: 1/1
    16 | D        | Reached skill level 4 in Unarmed Combat
   204 | D        | Noticed a scorpion
   204 | D        | Noticed a scorpion
   209 | D        | Reached XP level 2. HP: 26/26 MP: 0/3
   213 | D        | Reached skill level 5 in Unarmed Combat
   213 | D        | Killed a scorpion
   214 | D        | Reached skill level 1 in Fighting
   214 | D        | Reached skill level 6 in Unarmed Combat
   214 | D        | Reached XP level 3. HP: 31/33 MP: 0/5
   214 | D        | Reached XP level 4. HP: 38/41 MP: 0/6
   216 | D        | Reached skill level 7 in Unarmed Combat
   222 | D        | Killed a scorpion
   223 | D        | Reached skill level 8 in Unarmed Combat
   223 | D        | Reached XP level 5. HP: 35/48 MP: 0/8
   394 | D        | Learned a level 2 spell: Wereblood
   398 | D        | Learned a level 3 spell: Spider Form
   404 | D        | Found a snail-covered altar of Cheibriados.
   404 | D        | Found a shadowy altar of Dithmenos.
   404 | D        | Found a white marble altar of Elyvilon.
   404 | D        | Found a blossoming altar of Fedhas.
   404 | D        | Found an opulent altar of Gozag.
   405 | D        | Found a hazy altar of Hepliaklqana.
   406 | D        | Found a viscous altar of Jiyva.
   407 | D        | Found an ancient bone altar of Kikubaaqudgha.
   408 | D        | Found a corrupted altar of Lugonu.
   409 | D        | Found a burning altar of Makhleb.
   410 | D        | Found a sparkling altar of Nemelex Xobeh.
   411 | D        | Found an iron altar of Okawaru.
   412 | D        | Became a worshipper of Gozag Ym Sagoz the Greedy
   413 | D        | Found a stormy altar of Qazlal.
   414 | D        | Found a sacrificial altar of Ru.
   415 | D        | Found a shimmering blue altar of Sif Muna.
   416 | D        | Found a bloodstained altar of Trog.
   417 | D        | Found a hide-covered altar of Uskayaw.
   418 | D        | Found a radiant altar of Vehumet.
   419 | D        | Found an ornate altar of the Wu Jian Council.
   420 | D        | Found a shimmering altar of Xom.
   421 | D        | Found a basalt altar of Yredelemnul.
   422 | D        | Found a glowing silver altar of Zin.
   423 | D        | Found a glowing golden altar of the Shining One.
   451 | D        | Noticed a wraith
   463 | D        | Killed an unseen horror
   464 | D        | Reached skill level 10 in Unarmed Combat
   464 | D        | Reached XP level 6. HP: 59/59 MP: 6/10
   472 | D        | Reached skill level 11 in Unarmed Combat
   477 | D        | Killed a wraith
   478 | D        | Reached skill level 5 in Dodging
   478 | D        | Reached XP level 7. HP: 56/66 MP: 8/12
   492 | D        | Reached skill level 12 in Unarmed Combat
   534 | D        | Learned a level 4 spell: Ice Form
   537 | D        | Noticed a gargoyle
   537 | D        | Noticed a tengu warrior
   537 | D        | Noticed a red ugly thing
   537 | D        | Noticed a centaur warrior
   537 | D        | Noticed a tengu warrior
   539 | D        | Killed a gargoyle
   543 | D        | Killed a tengu warrior
   544 | D        | Reached skill level 14 in Unarmed Combat
   544 | D        | Reached skill level 5 in Spellcasting
   544 | D        | Reached skill level 5 in Transmutations
   544 | D        | Reached XP level 8. HP: 45/79 MP: 7/14
   546 | D        | HP: 1/94 [red ugly thing (6)]
   546 | D        | Annihilated by a red ugly thing

Illustrated notes

Levels and vault maps discovered:
D:        linesprint [early_d, line_temple, items_1, d_10, items_2, lair_1,
          lair_end, items_3, orc_1, orc_end, items_4, d_15, swamp_1, shoals_1,
          snake_1, spider_1, d_20, vaults_1, items_5, swamp_end, shoals_end,
          snake_end, spider_end, vaults_end, d_27, items_6, zot_1, zot_end,
          crypt_end, forest_end, elf_end, slime_end, tomb_end, abyss_end,
          pan_hell_end]

Skill      XL: |  1  2  3  4  5  6  7 |
---------------+----------------------+-----
Unarmed Combat | 4 6 8 10 11 14 | 14.0
Dodging        | 2 3 4 5 |  5.9
Transmutations | 2 3 4 5 |  5.1
Fighting       | 1 2 4 |  4.4
Spellcasting   | 2 3 4 5 |  5.1
Ice Magic      | |  0.7

Action                   |  1- 3 |  4- 6 |  7- 9 || total
-------------------------+-------+-------+-------++-------
Melee: Unarmed           |    24 |    24 |    19 ||    67
       Kick              |     2 |     4 |     2 ||     8
       Headbutt          |     1 |     1 |     1 ||     3
       Punch             |       |     1 |     1 ||     2
 Cast: Beastly Appendage |     1 |     2 |     1 ||     4
       Wereblood         |       |     1 |     1 ||     2
       Ice Form          |       |       |     1 ||     1
  Use: Potion            |       |     4 |       ||     4
Armor: Robe              |     5 |     7 |     1 ||    13
       Skin              |       |       |     2 ||     2
Dodge: Dodged            |     7 |    11 |    13 ||    31

Table legend: (Time is in decaauts)
 A = Elapsed time spent in this place.
 B = Non-inter-level travel time spent in this place.
 C = Inter-level travel time spent in this place.
 D = Time resting spent in this place.
 E = Time spent auto-exploring this place.
 F = Levels seen in this place.
 G = Mean time per level.
                   A        B        C        D        E       F      G
               +--------+--------+--------+--------+--------+-----+--------+
         Total |    548 |    548 |      0 |    370 |      3 |   1 |  548.0 |
       Dungeon |    548 |    548 |      0 |    370 |      3 |   1 |  548.0 |
               +--------+--------+--------+--------+--------+-----+--------+

Top non-repeatable levels by time:
       D: 548 daAuts
